 Dungeon Crawl Stone Soup version 0.14.2 (webtiles) character file.

1843 foobarfoo the Reanimator (level 8, 0/57 HPs)
             Began as a Demonspawn Necromancer on Mar 28, 2020.
             Was a Priest of Nemelex Xobeh.
             Slain by a raven (2 damage)
             ... on Level 8 of the Dungeon.
             The game lasted 00:24:45 (5042 turns).

foobarfoo the Reanimator (Demonspawn Necromancer)   Turns: 5042, Time: 00:24:45

HP   0/57        AC  5     Str  7      XL: 8   Next: 62%
MP  19/22        EV 12     Int 18      God: Nemelex Xobeh [***...]
Gold 247         SH  0     Dex 12      Spells:  6 memorised,  4 levels left

rFire  . . .     SeeInvis .     E - +3 blowgun
rCold  . . .     Clarity  .     t - +0 robe
rNeg   . . .     Conserve .     (no shield)
rPois  .         rCorr    .     (helmet restricted)
rElec  .         rRot     .     (no cloak)
SustAb . .       Spirit   .     k - +0 pair of gloves
rMut   .         Warding  .     (no boots)
Saprov . . .     Stasis   .     (no amulet)
MR     .....                    (no ring)
                                B - ring of wizardry

@: not resistant to hostile enchantments, fairly stealthy
A: horns 2, slimy green scales 1, clumsy 1, demonic guardian 1, robust 1, weak 1
a: Draw One, Peek at Two, Triple Draw, Renounce Religion


You were on level 8 of the Dungeon.
You worshipped Nemelex Xobeh.
Nemelex Xobeh was most pleased with you.
You were not hungry.

You visited 1 branch of the dungeon, and saw 8 of its levels.

You collected 247 gold pieces.

Inventory:

Hand weapons
 s - a +1,+2 dagger
 E - a +3 blowgun (weapon)
Missiles
 p - 15 darts
 y - 8 curare-tipped needles
 D - 66 poisoned needles (quivered)
Armour
 k - a +0 pair of gloves (worn)
 t - a +0 robe (worn)
Magical devices
 w - a wand of slowing (16)
 F - a wand of digging (8)
Comestibles
 c - 3 bread rations
Scrolls
 a - 2 scrolls of magic mapping
 e - a scroll of identify
 l - 2 scrolls of enchant weapon I
 q - a scroll of immolation
 r - a scroll of fog
 v - a scroll of remove curse
 x - 4 scrolls of teleportation
 A - 2 scrolls of amnesia
Jewellery
 h - an uncursed ring of protection from fire {unknown}
 m - an uncursed ring of fire
 n - an uncursed amulet of the gourmand
 o - an uncursed ring of flight
 B - a ring of wizardry (left hand)
Potions
 d - 4 potions of curing
 g - a potion of heal wounds
 j - 2 potions of restore abilities
 u - a potion of haste


   Skills:
 + Level 2.8 Throwing
 + Level 2.7 Dodging
 + Level 2.4 Stealth
 * Level 6.9 Spellcasting
 * Level 0.3 Charms
 * Level 8.3 Necromancy
 + Level 1.9 Evocations


You had 4 spell levels left.
You knew the following spells:

 Your Spells              Type           Power        Failure   Level  Hunger
a - Pain                  Necr           ####         1%          1    None
b - Animate Skeleton      Necr           N/A          1%          1    None
c - Vampiric Draining     Necr           #####.....   1%          3    ##.....
d - Animate Dead          Necr           N/A          1%          4    ####...
e - Regeneration          Chrm/Necr      ###.......   2%          3    ##.....
f - Control Undead        Necr           #####.....   1%          4    ####...


Dungeon Overview and Level Annotations

Branches:
Dungeon (8/15)
 Temple: D:4-7         Lair: D:8-11

Altars:
Ashenzari
Dithmenos
Nemelex Xobeh
Zin


Innate Abilities, Weirdness & Mutations

You have a pair of horns on your head.
You are partially covered in slimy green scales (AC +2).
A weak demonic guardian rushes to your aid.
You are clumsy. (Dex -2)
You are robust (+10% HP).
You are weak. (Str -2)


Message History

The raven claws you!
Found two items.
Casting: Vampiric Draining
Confirm with . or Enter, or press ? or * to list all spells.
Aiming: Vampiric Draining
Press: ? - help, Shift-Dir - straight line, f - raven
Aim: a raven The raven is moderately wounded.
You feel life coursing into your body. The raven pecks you!
* * * LOW HITPOINT WARNING * * *
The raven claws you!
* * * LOW HITPOINT WARNING * * *
The raven pecks you.
* * * LOW HITPOINT WARNING * * *
The raven claws you but does no damage.
Your quasit closely misses the raven.
Your quasit claws the raven but does no damage. x2
The raven pecks you.
You die...
Your body glows slightly and disappears.

#.########
##......5b#
......>.@#==#
######.######
.. ##


You could see a raven and a friendly quasit.

Vanquished Creatures
  Eustachio (D:4)
  A sky beast (D:5)
  2 centaurs
  2 ogres
  A giant frog (D:7)
  A wyvern zombie (D:6)
  A scorpion (D:7)
  A jelly (D:5)
  A crimson imp (D:6)
  4 hounds
  4 orc wizards
  Natasha (thrice) (D:4)
  6 worker ants
  Jessica (D:3)
  8 adders
  12 gnolls
  2 giant mites
  A worm (D:2)
  A giant gecko (D:2)
  An ooze (D:5)
  12 orcs
  3 giant cockroaches
  12 hobgoblins
  10 jackals
  3 quokkas
  5 bats
  3 giant newts
  7 goblins
  9 kobolds
  8 rats
126 creatures vanquished.

Vanquished Creatures (collateral kills)
  Edmund (D:4)
  A crimson imp (D:5)
  A hound (D:5)
  A jelly (D:7)
  2 orc wizards (D:5)
  2 gnolls (D:2)
  A worm (D:2)
  A giant eyeball (D:4)
  An ooze (D:5)
  5 orcs
  A bat zombie (D:5)
  A giant cockroach (D:1)
  A giant newt (D:3)
  A hobgoblin skeleton (D:7)
  A kobold (D:3)
  An orc skeleton (D:4)
22 creatures vanquished.

Vanquished Creatures (others)
  2 crimson imps
  A quasit (D:7)
  An iron imp (D:7)
  A centaur skeleton (D:5)
  2 hound zombies
  An ogre skeleton (D:4)
  2 worker ant zombies
  2 white imps
  2 ufetubi
  A felid skeleton (D:4)
  3 adder zombies
  A bat skeleton (D:6)
  A gnoll skeleton (D:5)
  A giant newt skeleton (D:2)
  A gnoll zombie (D:5)
  3 goblin skeletons
  2 hobgoblin skeletons
  3 jackal zombies (D:5)
  A kobold skeleton (D:3)
  2 orc skeletons (D:3)
  A quokka skeleton (D:7)
  3 rat skeletons
37 creatures vanquished.

Grand Total: 185 creatures vanquished

Notes
Turn   | Place    | Note
--------------------------------------------------------------
     0 | D:1      | foobarfoo, the Demonspawn Necromancer, began the quest for the Orb.
     0 | D:1      | Reached XP level 1. HP: 13/13 MP: 3/3
     2 | D:1      | Learned a level 1 spell: Animate Skeleton
   115 | D:1      | Gained mutation: You are robust (+10% HP). [potion of mutation]
   115 | D:1      | Gained mutation: You are clumsy. (Dex -2) [potion of mutation]
   115 | D:1      | Gained mutation: You are weak. (Str -2) [potion of mutation]
   501 | D:1      | Gained mutation: You have a pair of small horns on your head. [demonic ancestry]
   501 | D:1      | Reached XP level 2. HP: 12/20 MP: 2/4
   749 | D:2      | Reached skill level 5 in Necromancy
   887 | D:3      | Noticed Jessica
   896 | D:3      | Killed Jessica
   896 | D:3      | Reached XP level 3. HP: 11/26 MP: 0/6
   994 | D:3      | Learned a level 3 spell: Vampiric Draining
  1300 | D:3      | Reached XP level 4. HP: 10/33 MP: 6/9
  1522 | D:3      | Learned a level 4 spell: Animate Dead
  1821 | D:2      | Found a shattered altar of Ashenzari.
  1912 | D:2      | Found a sparkling altar of Nemelex Xobeh.
  1914 | D:2      | Found a shadowy altar of Dithmenos.
  1915 | D:2      | Found a glowing silver altar of Zin.
  1921 | D:2      | Became a worshipper of Nemelex Xobeh the Trickster
  1929 | D:2      | Received a gift from Nemelex Xobeh
  1963 | D:2      | Gained mutation: A weak demonic guardian rushes to your aid. [demonic ancestry]
  1963 | D:2      | Reached XP level 5. HP: 29/38 MP: 7/11
  2299 | D:4      | Acquired Nemelex Xobeh's first power
  2334 | D:4      | Noticed an ogre
  2344 | D:4      | Killed an ogre
  2344 | D:4      | Reached skill level 6 in Necromancy
  2391 | D:4      | Noticed Eustachio
  2393 | D:4      | Paralysed by a giant eyeball for 3 turns
  2404 | D:4      | Killed Eustachio
  2404 | D:4      | Reached skill level 1 in Throwing
  2404 | D:4      | Reached XP level 6. HP: 45/45 MP: 15/15
  2484 | D:4      | Noticed Natasha
  2488 | D:4      | Killed Natasha
  2493 | D:4      | Noticed Edmund
  2502 | D:4      | Killed Edmund
  2534 | D:4      | Noticed Natasha
  2549 | D:4      | Your ally Natasha died
  2561 | D:4      | Killed Natasha
  2735 | D:4      | Reached skill level 7 in Necromancy
  2735 | D:4      | Gained mutation: You have a pair of horns on your head. [demonic ancestry]
  2735 | D:4      | Reached XP level 7. HP: 46/50 MP: 13/18
  2886 | D:4      | Noticed Natasha
  2893 | D:4      | Killed Natasha
  2917 | D:4      | Learned a level 3 spell: Regeneration
  2979 | D:5      | Entered Level 5 of the Dungeon
  3087 | D:5      | Acquired Nemelex Xobeh's second power
  3149 | D:5      | Reached skill level 5 in Spellcasting
  3506 | D:5      | Learned a level 4 spell: Control Undead
  3820 | D:5      | Gained mutation: You are partially covered in slimy green scales (AC +2). [demonic ancestry]
  3820 | D:5      | Reached XP level 8. HP: 53/57 MP: 16/20
  4034 | D:5      | Received a gift from Nemelex Xobeh
  4155 | D:5      | Reached skill level 1 in Evocations
  4448 | D:6      | Reached skill level 8 in Necromancy
  4523 | D:6      | Acquired Nemelex Xobeh's third power
  5040 | D:8      | Noticed a raven
  5041 | D:8      | HP: 2/57 [raven (4)]
  5042 | D:8      | Slain by a raven

Action                   |  1- 3 |  4- 6 |  7- 9 || total
-------------------------+-------+-------+-------++-------
Melee: Unarmed           |     7 |       |       ||     7
       Dagger            |     1 |       |       ||     1
 Fire: Blowgun           |     2 |    35 |    79 ||   116
Throw: Dart              |     3 |       |       ||     3
 Cast: Pain              |    40 |    56 |    81 ||   177
       Animate Skeleton  |    13 |    13 |     9 ||    35
       Animate Dead      |       |     4 |     8 ||    12
       Vampiric Draining |       |     2 |    12 ||    14
       Regeneration      |       |       |     2 ||     2
Evoke: Deck              |       |       |    16 ||    16
       Wand              |       |       |     2 ||     2
  Use: Potion            |     2 |     2 |     1 ||     5
       Scroll            |       |     7 |    13 ||    20
